 Seeded DCSS version 0.28-a0-1182-g381e24db82 (webtiles) character file.

Game seed: 20211216 (custom seed)

442 flotson the Ducker (level 6, -1/47 HPs)
             Began as a Demonspawn Gladiator on Dec 16, 2021.
             Killed by nerve-wracking pain
             ... invoked by an orc priest
              (4 damage)
             ... on level 4 of the Dungeon.
             The game lasted 00:05:59 (3601 turns).

flotson the Ducker (Demonspawn Gladiator)           Turns: 3601, Time: 00:06:00

Health: -1/47      AC: 12    Str: 16    XL:     6   Next: 71%
Magic:  6/6        EV: 12    Int: 10    God:
Gold:   97         SH:  0    Dex: 14    Spells: 5/5 levels left

rFire   . . .      SeeInvis .   a - +0 flail
rCold   . . .      Faith    .   (no shield)
rNeg    . . .      Spirit   .   f - +0 ring mail
rPois   .          Reflect  .   (helmet restricted)
rElec   .          Harm     .   (no cloak)
rCorr   .          Rampage  .   n - +0 pair of gloves
Will    .....                   (no boots)
Stlth   +.........              (no amulet)
HPRegen 0.15/turn               c - +4 ring of protection
MPRegen 0.10/turn               (no ring)

@: no status effects
A: antennae 1, slimy green scales 1, powered by death 1, demonic magic 1
a: no special abilities


You were on level 4 of the Dungeon.
You visited 1 branch of the dungeon, and saw 5 of its levels.

You collected 108 gold pieces.
You spent 11 gold pieces at shops.

Inventory:

Hand Weapons
 a - a +0 flail (weapon)
 b - a +0 longbow
Missiles
 d - 2 throwing nets
 g - 20 poisoned darts (quivered)
Armour
 f - a +0 ring mail (worn)
 n - a +0 pair of gloves (worn)
Jewellery
 c - a +4 ring of protection (left hand)
Wands
 q - a wand of paralysis (8)
Scrolls
 e - 3 scrolls of identify
 h - a scroll of vulnerability {unknown}
 i - 3 scrolls of blinking
 j - 2 scrolls of enchant armour
 k - a scroll of fear
 l - a scroll of immolation {unknown}
 o - a scroll of fog {unknown}
 p - a scroll of teleportation {unknown}
Potions
 m - a potion of lignification


   Skills:
 + Level 3.5 Fighting
 + Level 3.8 Maces & Flails
 + Level 3.2 Throwing
 + Level 2.4 Armour
 + Level 3.9 Dodging
 - Level 1.0 Necromancy
 + Level 0.0 Evocations


You had 5 spell levels left.
You didn't know any spells.
Your spell library was empty.

Dungeon Overview and Level Annotations

Branches:
Dungeon (5/15)
 Temple: D:4-7

Altars:
Hepliaklqana

Shops:
D:3 ?[*

Annotations:
D:5 Grinder


Innate Abilities, Weirdness & Mutations

You have a pair of small antennae on your head.
You are partially covered in slimy green scales. (AC +2)
You regenerate a little health from kills.
Spells you cast may paralyse adjacent enemies.


Message History

The centaur shoots an arrow.
The arrow hits you!
Grinder blinks!
Grinder gestures at you.
You suddenly lose the ability to move!
The centaur shoots an arrow.
The arrow hits you.
The centaur shoots an arrow.
The arrow hits you but does no damage.
The centaur shoots an arrow.
The arrow hits you!
The centaur shoots an arrow.
The arrow hits you!
* * * LOW HITPOINT WARNING * * *
A bullfrog zombie comes into view.
Grinder gestures at you. You resist with significant effort.
You can move again.
Blink to where?
Press: ? - help, Dir - move target
As you read the scroll labelled LIJIZODE MESCH, it crumbles to dust.
It was a scroll of blinking.
Grinder says, "DUCK!"
The centaur shoots an arrow.
The arrow closely misses you.
You climb upwards.
There is a stone staircase leading down here.
As you read the scroll labelled QINIRR YPYFAN, it crumbles to dust.
It is a scroll of identify.
j - 2 scrolls of enchant armour The orc priest hits you but does no damage.
As you read the scroll labelled BYICUF AM DOUT, it crumbles to dust.
You assume a fearsome visage.
The orc looks frightened!
The orc wizard looks frightened!
The orc priest resists with some effort.
It was a scroll of fear.
The orc priest invokes the aid of Beogh against you.
Beogh smites you!
* * * LOW HITPOINT WARNING * * *
The orc wizard gestures wildly while chanting.
The orc wizard flickers and vanishes!
Deactivating autopickup; reactivate with Ctrl-A.
Okay, then.
The orc priest invokes the aid of Beogh against you.
Pain shoots through your body!
You die...

#.<..........†.# ##.#.##.#
######.#######.# #......# # ###
####)#### ##...### # #.......#
#...# ######### #.##.##.#
#...### #.......# #.##†##.#
#......
#.......###.##)##.#####.....##
#.......##[....##.............
#...............@..o...........
#..)....######.##.>.{.(........
#....†.........#######.o..>.###
.........#####.# .......
......##.#####.# o...#.#
##.##.##.##....# ....# # #.
#.##.##.##.# ....# ..
#.##.##.##.# ..... ...
#.##.......# ##.###


You could see an orc priest and an orc (fleeing).

Vanquished Creatures
  A wyvern (D:4)
  An ogre (D:4)
  An orc priest (D:5)
  A centaur skeleton (D:5)
  A scorpion zombie (D:5)
  A hound skeleton (D:4)
  A howler monkey zombie (D:5)
  3 adders (D:2)
  An adder skeleton (D:4)
  2 dart slugs
  4 orcs
  7 endoplasms
  2 giant cockroaches
  4 goblins
  4 hobgoblins
  6 jackals
  2 quokkas
  4 ball pythons
  2 bats
  4 frilled lizards
  4 kobolds
  2 rats
58 creatures vanquished.

Vanquished Creatures (others)
  20 plants (D:2)
20 creatures vanquished.

Grand Total: 78 creatures vanquished

Notes
Turn   | Place    | Note
-------+----------+-------------------------------------------
     0 | D:1      | flotson the Demonspawn Gladiator began the quest for the
                  | Orb.
     0 | D:1      | Reached XP level 1. HP: 16/16 MP: 1/1
   274 | D:1      | Gained mutation: You regenerate a little health from kills.
                  | [demonic ancestry]
   274 | D:1      | Reached XP level 2. HP: 22/22 MP: 2/2
   764 | D:2      | Gained mutation: Spells you cast may paralyse adjacent
                  | enemies. [demonic ancestry]
   764 | D:2      | Reached XP level 3. HP: 14/28 MP: 3/3
  1009 | D:2      | Found a hazy altar of Hepliaklqana.
  1048 | D:2      | Reached skill level 1 in Armour
  1832 | D:3      | Found Heqig's Armour Shoppe.
  1860 | D:3      | Found Gemeg's Weapon Shop.
  1923 | D:3      | Found Juecw's Magic Scroll Boutique.
  1927 | D:3      | Bought a scroll of noise for 11 gold pieces
  2083 | D:3      | Gained mutation: You have a pair of small antennae on your
                  | head. [demonic ancestry]
  2083 | D:3      | Reached XP level 4. HP: 34/34 MP: 4/4
  2161 | D:3      | Reached skill level 1 in Necromancy
  2241 | D:3      | Found a faded altar of an unknown god.
  2309 | D:3      | Found Nuukix's Assorted Antiques.
  2789 | D:4      | Noticed an ogre
  2926 | D:4      | Noticed a scorpion
  2977 | D:4      | Noticed a wyvern
  2998 | D:4      | Killed a wyvern
  2999 | D:4      | Gained mutation: You are partially covered in slimy green
                  | scales. (AC +2) [demonic ancestry]
  2999 | D:4      | Reached XP level 5. HP: 9/41 MP: 5/5
  3259 | D:4      | Noticed an ogre
  3302 | D:4      | Killed an ogre
  3303 | D:4      | Reached XP level 6. HP: 47/47 MP: 6/6
  3429 | D:5      | Entered Level 5 of the Dungeon
  3587 | D:5      | Noticed Grinder
  3590 | D:5      | Paralysed by Grinder for 5 turns
  3601 | D:4      | Killed from afar by an orc priest

Illustrated notes

Levels and vault maps discovered:
D:1:      minmay_arrival_arboretum_small, layout_basic
D:2:      layout_rooms, basic_altar, minmay_misc_feat_four_crosses,
          chequers_serial_rivers_room_b, kennysheep_boxes
D:3:      layout_basic, serial_shops, nicolae_shop_overgrown_old_shop,
          nicolae_shop_window_shopping, nicolae_shop_hallway_stairs, shop,
          basic_ecumenical_altar, serial_curves, eino_curves_03, eino_curves_01,
          minmay_liquid_box
D:4:      layout_loops_cross, minmay_increasing_density
D:5:      layout_rooms, corner_web_ring, minmay_fractal_squares_5, uniq_grinder

Skill      XL: |  1  2  3  4  5 |
---------------+----------------+-----
Throwing       | 2 3 |  3.2
Dodging        | 3 |  3.9
Armour         | 1 2 |  2.4
Maces & Flails | 3 |  3.8
Necromancy     | 1 |  1.0
Fighting       | 3 |  3.5

Action                   |  1- 3 |  4- 6 || total
-------------------------+-------+-------++-------
Melee: Flail             |    89 |   100 ||   189
Throw: Throwing net      |       |     3 ||     3
       Dart              |       |     3 ||     3
  Use: Potion            |       |     2 ||     2
       Scroll            |       |     3 ||     3
Armor: Leather armour    |     5 |       ||     5
       Ring mail         |    28 |    51 ||    79
       Skin              |       |    23 ||    23
Dodge: Dodged            |    49 |    57 ||   106

Table legend: (Time is in decaauts)
 A = Elapsed time spent in this place.
 B = Non-inter-level travel time spent in this place.
 C = Inter-level travel time spent in this place.
 D = Time resting spent in this place.
 E = Time spent auto-exploring this place.
 F = Levels seen in this place.
 G = Mean time per level.
                   A        B        C        D        E       F      G
               +--------+--------+--------+--------+--------+-----+--------+
         Total |   3652 |   3387 |    265 |     86 |   2738 |   5 |  730.4 |
       Dungeon |   3652 |   3387 |    265 |     86 |   2738 |   5 |  730.4 |
               +--------+--------+--------+--------+--------+-----+--------+

Top non-repeatable levels by time:
     D:2: 1123 daAuts
     D:3: 958 daAuts
     D:1: 760 daAuts
     D:4: 636 daAuts
     D:5: 174 daAuts
